 Dungeon Crawl Stone Soup version 0.24-a0-91-g4e4936a (webtiles) character file.

Game seed: 7031629819043164298

1448 ohad the Cleaver (level 8, -14/64 HPs)
             Began as a Hill Orc Fighter on Feb 8, 2019.
             Was an Initiate of Makhleb.
             Killed from afar by Edmund (34 damage)
             ... with an exploding inner flame
             ... hexed by the player character
             ... on level 5 of the Dungeon.
             The game lasted 00:15:12 (6326 turns).

ohad the Cleaver (Hill Orc Fighter)                 Turns: 6326, Time: 00:15:13

Health: -14/64     AC:  8    Str: 19    XL:     8   Next: 75%
Magic:  8/8        EV:  6    Int:  8    God:    Makhleb [......]
Gold:   200        SH:  7    Dex: 12    Spells: 7/7 levels left

rFire    . . .     SeeInvis .   n - +1 whip (venom)
rCold    . . .     Gourm    .   c - +0 shield
rNeg     . . .     Faith    .   b - +0 scale mail
rPois    .         Spirit   .   (no helmet)
rElec    .         Reflect  .   (no cloak)
rCorr    .         Harm     .   p - +0 pair of gloves
MR       .....                  m - +0 pair of boots
Stlth    ..........             r - amulet of the acrobat
HPRegen  0.20/turn              (no ring)
MPRegen  0.11/turn              (no ring)

@: very heavily drained
A: no striking features
a: Renounce Religion


You were on level 5 of the Dungeon.
You worshipped Makhleb.
Makhleb was noncommittal.
You were not hungry.

You visited 2 branches of the dungeon, and saw 6 of its levels.

You collected 200 gold pieces.

Inventory:

Hand Weapons
 a - a +1 war axe
 n - a +1 whip of venom (weapon)
 u - a +0 blowgun
Missiles
 h - 30 poisoned needles
 j - 41 bolts
 q - 4 javelins
 s - 14 tomahawks (quivered)
Armour
 b - a +0 scale mail (worn)
 c - a +0 shield (worn)
 m - a +0 pair of boots (worn)
 p - a +0 pair of gloves (worn)
Jewellery
 r - an amulet of the acrobat (around neck)
Wands
 e - a wand of digging (3)
 t - a wand of acid (6)
 x - a wand of enslavement (9)
 z - a wand of polymorph (9)
Scrolls
 l - a scroll of remove curse
 o - a scroll of amnesia
 v - 3 scrolls of fog
 y - a scroll of enchant armour {unknown}
Potions
 d - a potion of ambrosia
 k - 3 potions of mutation
Comestibles
 f - 14 rations
 g - a chunk of flesh


   Skills:
 - Level 3.6(0.4) Fighting
 + Level 13.4(9.3) Axes
 - Level 3.2(0.1) Armour
 - Level 3.2(0.1) Shields


You had 7 spell levels left.
You didn't know any spells.
Your spell library was empty.

Dungeon Overview and Level Annotations

Branches:
Dungeon (5/15)             Temple (1/1) D:5

Altars:
Cheibriados
Dithmenos
Fedhas
Hepliaklqana
Makhleb
Nemelex Xobeh
Ru
Trog
Vehumet


Message History

Edmund hits you with a +1 dire flail of draining!
You feel drained.
You hit Edmund but do no damage.
Edmund looks as sick as possible!
Edmund is heavily wounded.
You block Edmund's attack.
You hit Edmund but do no damage.
Edmund looks as sick as possible!
Edmund is severely wounded.
You hit Edmund but do no damage.
Edmund looks as sick as possible!
Edmund is severely wounded.
Edmund hits you with a +1 dire flail of draining.
You feel drained.
You hit Edmund but do no damage.
Edmund looks as sick as possible!
Edmund is severely wounded.
You block Edmund's attack.
You hit Edmund but do no damage.
Edmund is almost dead.
Edmund explodes!
The fiery explosion engulfs you!!
Ouch! That really hurt!
You die...

....#............#......#
....#............'......#
.>..#............#......#
....#.##.........#......'..
....#.##..####..#########....
#.###.##### #.§### ....#
...#..# #.§§§# ...# .⌠.#..#
#§§§§# ..# .÷.#..# #§§@§# ..#
#.##..# ....'§§§.# #.##..#
...###§§## #.....# ## ####
'.....# ##....# ##....#
##....# .#....#


There were no monsters in sight!

Vanquished Creatures
  Grinder (D:4)
  Sigmund (D:4)
  Duvessa (D:4)
  A sky beast (D:4)
  An ogre (D:4)
  2 phantoms (D:5)
  Dowan (D:4)
  A scorpion (D:5)
  A howler monkey (D:5)
  A crimson imp (D:5)
  An orc priest (D:4)
  A jelly (D:5)
  An orc wizard (D:4)
  A worker ant (D:4)
  Natasha (thrice) (D:3)
  7 gnolls
  11 adders
  An adder zombie (D:5)
  An adder skeleton (D:4)
  3 worms
  2 dart slugs
  4 leopard geckos
  11 orcs
  2 ball pythons
  8 bats
  6 giant cockroaches
  9 hobgoblins
  6 jackals (D:1)
  15 kobolds
  2 quokkas (D:4)
  6 frilled lizards
  7 goblins
  A leopard gecko zombie (D:5)
  A quokka skeleton (D:4)
  10 rats
131 creatures vanquished.

Notes
Turn   | Place    | Note
-------+----------+-------------------------------------------
     0 | D:1      | ohad the Hill Orc Fighter began the quest for the Orb.
     0 | D:1      | Reached XP level 1. HP: 19/19 MP: 1/1
    37 | D:1      | Reached skill level 3 in Axes
    89 | D:1      | Reached XP level 2. HP: 21/26 MP: 2/2
   141 | D:1      | Reached skill level 4 in Axes
   581 | D:1      | Reached XP level 3. HP: 28/31 MP: 3/3
   747 | D:1      | Reached skill level 5 in Axes
  1563 | D:2      | Reached XP level 4. HP: 20/39 MP: 4/4
  1766 | D:2      | Reached skill level 6 in Axes
  1943 | D:2      | Reached XP level 5. HP: 45/45 MP: 5/5
  2111 | D:2      | Reached skill level 7 in Axes
  2323 | D:2      | Found a sacrificial altar of Ru.
  2369 | D:3      | Noticed Natasha
  2374 | D:3      | Killed Natasha
  2686 | D:3      | Noticed Natasha
  2692 | D:3      | Killed Natasha
  2692 | D:3      | Reached skill level 8 in Axes
  2692 | D:3      | Reached XP level 6. HP: 41/51 MP: 6/6
  2812 | D:3      | Noticed Natasha
  2838 | D:3      | Killed Natasha
  3771 | D:4      | Reached skill level 9 in Axes
  3802 | D:4      | Noticed Sigmund
  3820 | D:4      | Killed Sigmund
  3820 | D:4      | Reached skill level 10 in Axes
  3820 | D:4      | Reached XP level 7. HP: 28/57 MP: 7/7
  3867 | D:4      | HP: 2/57 [poisoned by Sigmund]
  4256 | D:4      | Noticed Duvessa
  4257 | D:4      | Noticed Dowan
  4281 | D:4      | Killed Dowan
  4283 | D:4      | Killed Duvessa
  4631 | D:4      | Reached skill level 11 in Axes
  4883 | D:4      | Noticed Grinder
  4892 | D:4      | Killed Grinder
  4892 | D:4      | Reached skill level 12 in Axes
  4892 | D:4      | Reached XP level 8. HP: 18/64 MP: 8/8
  5675 | D:5      | Entered Level 5 of the Dungeon
  5692 | D:5      | Found a staircase to the Ecumenical Temple.
  5725 | Temple   | Entered the Ecumenical Temple
  5731 | Temple   | Became a worshipper of Makhleb the Destroyer
  5799 | D:5      | Noticed Edmund
  6157 | D:5      | Reached skill level 13 in Axes
  6326 | D:5      | Killed Edmund
  6326 | D:5      | Killed from afar by Edmund

Levels and vault maps discovered:
D:1:      evilmike_arrival_run_for_it, layout_basic, minmay_unequal
D:2:      layout_rooms, lemuel_doored_altar
D:3:      layout_loops_ring, first_ration, serial_bayou_lake_a, uniq_natasha
D:4:      layout_loops_ring, uniq_grinder, uniq_duvessa, uniq_sigmund
D:5:      layout_gridville, minmay_temple_entry_antechambers,
          portal_sewer_entry_b, uniq_ijyb, uniq_edmund, uniq_eustachio
Temple:   eino_narrow_crystal_temple

Skill      XL: |  1  2  3  4  5  6  7  8 |
---------------+-------------------------+-----
Axes           | 3 4 5 6 8 10 12 13 | 13.4
Fighting       | |  3.6
Armour         | |  3.2
Shields        | |  3.2

Action                   |  1- 3 |  4- 6 |  7- 9 || total
-------------------------+-------+-------+-------++-------
Melee: War axe           |   140 |   244 |   201 ||   585
       Whip              |       |       |    10 ||    10
  Use: Scroll            |     2 |     2 |     8 ||    12
       Potion            |       |     4 |     2 ||     6
  Eat: Chunk             |     2 |     8 |     6 ||    16
       Ration            |       |       |     1 ||     1
Armor: Scale mail        |    74 |    99 |    59 ||   232
Dodge: Dodged            |    46 |    53 |    50 ||   149
Block: Shield            |    76 |   116 |    72 ||   264

Table legend:
 A = Non-vault XP
 B = Vault XP
 C = Vault XP percentage of total XP
 D = Non-vault monster count
 E = Vault monster count
 F = Vault count percentage of total count
                 A         B        C        D         E       F
            +---------+---------+-------+---------+---------+-------
      Total |    1307 |     762 |  36.8 |     122 |       9 |   6.9
            +---------+---------+-------+---------+---------+-------
        D:1 |      64 |       9 |  12.3 |      31 |       3 |   8.8
        D:2 |     134 |       0 |   0.0 |      28 |       0 |   0.0
        D:3 |     209 |      33 |  13.6 |      32 |       1 |   3.0
        D:4 |     437 |     719 |  62.2 |      23 |       4 |  14.8
        D:5 |     463 |       1 |   0.2 |       8 |       1 |  11.1
            +---------+---------+-------+---------+---------+-------
